 Dungeon Crawl Stone Soup version 0.20.1-1-g8b1a95d66d (webtiles) character file.

71 Ivernyr the Vandal (level 4, 0/29 HPs)
             Began as a Halfling Hunter on Nov 26, 2017.
             Slain by an orc wizard
             ... wielding a +0 dagger
              (1 damage)
             ... on level 3 of the Dungeon.
             The game lasted 00:05:34 (2398 turns).

Ivernyr the Vandal (Halfling Hunter)                Turns: 2398, Time: 00:05:34

Health: 0/29       AC:  3    Str: 13    XL:     4   Next: 47%
Magic:  4/4        EV: 15    Int:  9    God:
Gold:   99         SH:  0    Dex: 15    Spells: 3/3 levels left

rFire    + . .     SeeInvis .   b - +0 short sword
rCold    x . .     Gourm    .   (shield restricted)
rNeg     . . .     Faith    .   c - +0 leather armour
rPois    .         Spirit   .   (no helmet)
rElec    .         Reflect  .   (no cloak)
rCorr    .         Harm     .   (no gloves)
MR       .....                  (no boots)
Stlth    ++........             (no amulet)
Regen    0.1/turn               e - ring of fire (curse)
MPRegen  0.1/turn               (no ring)

@: no status effects
A: mutation resistance 1
a: no special abilities


You were on level 3 of the Dungeon.
You were not hungry.

You visited 1 branch of the dungeon, and saw 3 of its levels.

You collected 99 gold pieces.

Inventory:

Hand Weapons
 a - a +1 hunting sling
 b - a +0 short sword (weapon)
Missiles
 d - 20 sling bullets
 l - 65 stones (quivered)
Armour
 c - a +0 leather armour (worn)
Jewellery
 e - a cursed ring of fire (left hand)
 r - a cursed -2 ring of slaying {unknown}
Scrolls
 j - 3 scrolls of amnesia
 o - 3 scrolls of identify
 p - 2 scrolls of teleportation
Potions
 h - a potion of cancellation {unknown}
 i - a potion of haste {unknown}
 m - a potion of heal wounds {unknown}
 n - a potion of lignification {unknown}
 q - a potion of flight {unknown}
Comestibles
 f - 3 bread rations
 g - 3 fruits
 k - 2 royal jellies
 s - a chunk of flesh


   Skills:
 - Level 2.0 Fighting
 + Level 1.4 Short Blades
 * Level 6.8 Slings
 + Level 3.3 Dodging
 - Level 1.1 Stealth


You had 3 spell levels left.
You didn't know any spells.

Dungeon Overview and Level Annotations

Branches:
Dungeon (3/15)

Altars:
Ru


Innate Abilities, Weirdness & Mutations

You are small and have problems with some larger weapons.
You are somewhat resistant to further mutation.


Message History

The orc wizard flickers and vanishes!
Deactivating autopickup; reactivate with Ctrl-A.
Something hits you but does no damage.
You miss something. Something hits you but does no damage.
You miss something. Something completely misses you. Something hits you.
You hit something but do no damage.
You hear some strange, mumbled words.
A magic dart appears from out of thin air!
The magic dart hits you! Something barely misses you.
You barely miss something.
You hear some strange, mumbled words.
A magic dart appears from out of thin air!
The magic dart hits you!
You hit something but do no damage. Something hits you.
* * * LOW HITPOINT WARNING * * *
Something hits you.
* * * LOW HITPOINT WARNING * * *
You miss something. Something hits you but does no damage. Something hits you.
You die...

#.#......# #.....#
#.######## #.##### #.#
#.# #'## #.# ...## ####
#.# # ...<## #
..######.##### ## .....##
... #.##.......(.###.
†.....#
..?..####.##..##...#.##..
......+
...(.o).@.............+..
......#
......###.##...#...#.##..
.....## ....#
#.##....<....###. ....##
### #.###.#.#.#### ##
...## ..# #.#.#^# # #+##
### #...).# ###.### #.#
#.#########


You could see an orc.

Vanquished Creatures
  An adder (D:2)
  An ooze (D:1)
  3 dart slugs
  A leopard gecko (D:1)
  2 orcs (D:3)
  A ball python (D:3)
  A giant cockroach (D:2)
  4 goblins
  5 hobgoblins
  4 jackals (D:1)
  6 kobolds
  A quokka (D:3)
  6 bats
  5 frilled lizards
  6 rats
47 creatures vanquished.

Notes
Turn   | Place    | Note
-------+----------+-------------------------------------------
     0 | D:1      | Ivernyr the Halfling Hunter began the quest for the Orb.
     0 | D:1      | Reached XP level 1. HP: 14/14 MP: 1/1
   226 | D:1      | Reached skill level 6 in Slings
   248 | D:1      | Reached XP level 2. HP: 17/19 MP: 2/2
   604 | D:1      | Reached XP level 3. HP: 21/24 MP: 3/3
  1283 | D:2      | Reached XP level 4. HP: 29/29 MP: 4/4
  1392 | D:2      | Reached skill level 1 in Short Blades
  1631 | D:2      | Found a sacrificial altar of Ru.
  2396 | D:3      | HP: 1/29 [something (4)]
  2398 | D:3      | Slain by an orc wizard

Skill      XL: |  1  2  3  4 |
---------------+-------------+-----
Slings         | 6 |  6.8
Fighting       | 2 |  2.0
Dodging        | 3 |  3.3
Short Blades   | 1 |  1.4
Stealth        | |  1.1

Action                   |  1- 3 |  4- 6 || total
-------------------------+-------+-------++-------
Melee: Short sword       |   116 |    83 ||   199
 Fire: Hunting sling     |     2 |       ||     2
  Use: Scroll            |       |     5 ||     5
 Stab: Sleeping          |     3 |     1 ||     4
  Eat: Chunk             |     1 |     4 ||     5
Armor: Leather armour    |    23 |    23 ||    46
Dodge: Dodged            |    82 |    76 ||   158
